 Dungeon Crawl Stone Soup version 0.23-a0-655-g3751e1c (webtiles) character file.

93 Lilu the Grave Robber (level 4, -2/30 HPs)
             Began as a Mummy Necromancer on Jan 7, 2019.
             Killed by divine providence
             ... invoked by an orc priest
              (8 damage)
             ... on level 3 of the Dungeon.
             The game lasted 00:05:08 (2389 turns).

Lilu the Grave Robber (Mummy Necromancer)           Turns: 2389, Time: 00:05:08

Health: -2/30      AC:  2    Str: 11    XL:     4   Next: 37%
Magic:  8/10       EV: 12    Int: 15    God:
Gold:   126        SH:  0    Dex: 12    Spells: 6/12 levels left

rFire    x . .     SeeInvis .   h - +2 dagger (freeze)
rCold    + . .     Gourm    .   (no shield)
rNeg     + + +     Faith    .   a - +0 robe
rPois    ∞         Spirit   .   (no helmet)
rElec    .         Reflect  .   (no cloak)
rCorr    .         Harm     .   (no gloves)
MR       .....                  (no boots)
Stlth    ++........             (no amulet)
HPRegen  0.10/turn              (no ring)
MPRegen  0.12/turn              (no ring)

@: no status effects
A: no food or potions, fire vulnerability, cold resistance 1, negative energy
resistance 3, torment resistance, unbreathing
a: no special abilities


You were on level 3 of the Dungeon.
You were not hungry.

You visited 1 branch of the dungeon, and saw 3 of its levels.

You collected 126 gold pieces.

Inventory:

Hand Weapons
 h - a +2 dagger of freezing (weapon)
Armour
 a - a +0 robe (worn)
 c - a cursed +0 robe
Scrolls
 b - 3 scrolls of identify {unknown}
 d - 2 scrolls of remove curse {unknown}
 e - a scroll of blinking {unknown}
 f - 2 scrolls of amnesia {unknown}
 g - a scroll of fear {unknown}


   Skills:
 - Level 1.5 Dodging
 - Level 1.5 Stealth
 + Level 4.5 Spellcasting
 + Level 5.0 Necromancy


You had 6 spell levels left.
You knew the following spells:

 Your Spells              Type           Power        Failure   Level  Hunger
a - Pain                  Necr           ###.         2%          1    N/A
b - Animate Skeleton      Necr           N/A          2%          1    N/A
c - Animate Dead          Necr           N/A          22%         4    N/A

Your spell library contained the following spells:

 Spells                   Type           Power        Failure   Level  Hunger
 Vampiric Draining        Necr           ###.......   6%          3    N/A
 Regeneration             Chrm/Necr      Unusable     N/A         3    N/A

Dungeon Overview and Level Annotations

Branches:
Dungeon (3/15)

Altars:


Innate Abilities, Weirdness & Mutations

You do not eat or drink.
Your flesh is vulnerable to fire.
You are immune to poison.
Your flesh is cold resistant. (rC+)
You are immune to negative energy. (rN+++)
You are immune to unholy pain and torment.
You can survive without breathing.


Message History

Aim: an adder (severely wounded, chance to defeat MR: 84%)
The adder writhes in agony!
The orc misses you. The adder closely misses you.
Casting: Pain (safe; 2% risk of failure)
Confirm with . or Enter, or press ? or * to list all spells.
Aiming: Pain (safe; 2% risk of failure)
Press: ? - help, Shift-Dir - straight line, f/p - adder
Aim: an adder (almost dead, chance to defeat MR: 84%)
The adder writhes in agony!
You kill the adder!
Your Necromancy skill increases to level 5!
The orc misses you.
Found 24 stones.
Found a stone staircase leading down.
Found a black potion.
A rat comes into view.
Found 3 scrolls labeled FACUNA ZELOI.
A kobold comes into view. It is wielding a +0 whip.
A rat comes into view.
The orc priest calls down the wrath of Beogh upon you.
Beogh smites you!
You die...

#.### #.# #.#)# #. #.#.. #.#
#.#.# #( # #.#.# #.# #.#.# #.
#. #.#(# #.# #.#.# #. #. #o#.#
#.#.# #. #..#.#.# #.#.# #.
#...o.# # #Z#.###. #.....#
#######.###.###.#...Z.
#.....###o.o.@......#........#
#......o............#.#.####.#
#.#.#####.....r....##.... #.#
#...# #..........##.... #.#
##..# #K...!.....##....# #.#
..> ............##....# #.#
... .r..##...##.###.#..# #.#
#.. ....##...# .# #.#. ## ?.#


You could see an orc priest, 2 orcs, a kobold and 2 rats.

Vanquished Creatures
  4 adders
  2 worms (D:2)
  2 dart slugs (D:1)
  A leopard gecko (D:1)
  An orc (D:3)
  3 bats
  2 giant cockroaches (D:1)
  6 goblins
  7 hobgoblins
  6 jackals (D:3)
  2 ball pythons (D:1)
  3 kobolds
  4 rats
43 creatures vanquished.

Vanquished Creatures (collateral kills)
  A goblin (D:1)
  A kobold (D:1)
2 creatures vanquished.

Grand Total: 45 creatures vanquished

Notes
Turn   | Place    | Note
-------+----------+-------------------------------------------
     0 | D:1      | Lilu the Mummy Necromancer began the quest for the Orb.
     0 | D:1      | Reached XP level 1. HP: 13/13 MP: 4/4
   453 | D:1      | Reached XP level 2. HP: 19/19 MP: 1/6
   567 | D:1      | Learned a level 1 spell: Animate Skeleton
  1129 | D:2      | Reached XP level 3. HP: 21/24 MP: 0/8
  1980 | D:3      | Reached XP level 4. HP: 30/30 MP: 5/10
  2342 | D:3      | Learned a level 4 spell: Animate Dead
  2372 | D:3      | Reached skill level 5 in Necromancy
  2389 | D:3      | Killed from afar by an orc priest

Vault maps used:
D:1:      saegor_arrival_simple_d, chequers_serial_rivers_large_b,
          minmay_pentomino_v4
D:2:      grunt_ministairs_2, bh_walls_and_bars

Skill      XL: |  1  2  3  4 |
---------------+-------------+-----
Spellcasting   | 3 4 |  4.5
Necromancy     | 5 |  5.0
Dodging        | |  1.5
Stealth        | |  1.5

Action                   |  1- 3 |  4- 6 || total
-------------------------+-------+-------++-------
Melee: Unarmed           |     1 |    14 ||    15
 Cast: Pain              |    65 |    23 ||    88
       Animate Skeleton  |    10 |     5 ||    15
Armor: Robe              |     2 |     2 ||     4
Dodge: Dodged            |    14 |    23 ||    37

Table legend:
 A = Non-vault XP
 B = Vault XP
 C = Vault XP percentage of total XP
 D = Non-vault monster count
 E = Vault monster count
 F = Vault count percentage of total count
                 A         B        C        D         E       F
            +---------+---------+-------+---------+---------+-------
      Total |     116 |      18 |  13.4 |      41 |       4 |   8.9
            +---------+---------+-------+---------+---------+-------
        D:1 |      33 |       4 |  10.8 |      18 |       2 |  10.0
        D:2 |      43 |      14 |  24.6 |       8 |       2 |  20.0
        D:3 |      40 |       0 |   0.0 |      15 |       0 |   0.0
            +---------+---------+-------+---------+---------+-------
